 Dungeon Crawl Stone Soup version 0.18.1-50-g88ac8fd (webtiles) character file.

307 cedor the Grasshopper (level 6, 0/45 HPs)
             Began as a Demonspawn Warper on Oct 23, 2016.
             Succumbed to a scorpion's poison
             ... on level 5 of the Dungeon.
             The game lasted 00:16:35 (2992 turns).

cedor the Grasshopper (Demonspawn Warper)           Turns: 2992, Time: 00:16:36

Health: 0/45       AC:  5    Str: 12    XL:     6   Next: 16%
Magic:  9/9        EV: 12    Int: 16    God:
Gold:   128        SH:  0    Dex: 12    Spells: 4 memorised, 1 level left

rFire  . . .     SeeInvis .     a - +0 mace
rCold  . . .     Gourm    .     b - +0 leather armour
rNeg   . . .     Faith    .     (no shield)
rPois  .         Spirit   +     (helmet restricted)
rElec  .         Dismiss  .     k - +0 cloak
rCorr  .         Reflect  .     (no gloves)
SustAt .         Harm     .     (no boots)
MR     .....                    (no amulet)
Stlth  +.........               (no ring)
                                (no ring)

@: lethally poisoned (0 -> -5), very slightly contaminated, not resistant to
hostile enchantments, very unstealthy
A: antennae 1, rugged brown scales 1, magic shield
a: no special abilities


You were on level 5 of the Dungeon.
You were not hungry.

You visited 2 branches of the dungeon, and saw 7 of its levels.

You collected 128 gold pieces.


Innate Abilities, Weirdness & Mutations

You have a pair of small antennae on your head.
You are partially covered in rugged brown scales (AC +1, +3% HP).
When hurt, damage is shared between your health and your magic reserves.


   Skills:
 - Level 2.0 Fighting
 * Level 4.0 Maces & Flails
 - Level 1.1 Throwing
 - Level 0.8 Armour
 + Level 2.9 Dodging
 - Level 2.0 Spellcasting
 - Level 0.1 Charms
 * Level 4.3 Translocations


You had one spell level left.
You knew the following spells:

 Your Spells              Type           Power        Failure   Level  Hunger
a - Shroud of Golubria    Chrm/Tloc      #.........   17%         2    ###....
b - Blink                 Tloc           N/A          10%         2    ###....
e - Teleport Other        Tloc           ###.....     17%         3    ###....
z - Apportation           Tloc           ###.......   6%          1    #......

Inventory:

Hand Weapons
 a - a +0 mace (weapon)
Missiles
 e - 5 tomahawks of dispersal {=f}
 j - 11 poisoned needles
Armour
 b - a +0 leather armour (worn)
 k - a +0 cloak (worn)
Scrolls
 d - 2 scrolls of blinking
 g - a scroll of amnesia
 i - a scroll of fear
 n - a scroll of remove curse
 r - a scroll of recharging
Books
 c - a book of Spatial Translocations

   Spells                             Type                      Level
   a - Apportation                    Translocation                1
   b - Blink                          Translocation                2
   c - Shroud of Golubria             Charms/Translocation         2
   d - Portal Projectile              Translocation                3
   e - Teleport Other                 Translocation                3
   f - Passage of Golubria            Translocation                4
Comestibles
 f - 2 bread rations
 h - a meat ration
 o - a beef jerky

Dungeon Overview and Level Annotations

Branches:
Dungeon (6/15)             Temple (1/1) D:4

Altars:
Ashenzari
Dithmenos
Elyvilon
Fedhas
Kikubaaqudgha
Makhleb
Pakellas
Qazlal
Ru
Sif Muna
Vehumet
Xom
Zin
The Shining One

Annotations:
D:5 Duraxyll's ghost, novice MfBe

▒▒▒
▒.▒▒▒▒▒▒
▒6.....▒
▒.▒▒▒▒.▒
▒Z▒ ▒.▒
▒.▒▒▒▒.▒
▒5.....▒
▒..▒▒▒▒▒
▒..▒
▒..▒
▒...


You could see a crimson imp and a giant frog zombie.


Message History

Drink which item? (? for menu, Esc to quit)
Magic courses through your body.
* * * LOW HITPOINT WARNING * * *
You feel sick.
* * * LOW HITPOINT WARNING * * *
You feel sick.
* * * LOW HITPOINT WARNING * * *
You feel sick.
* * * LOW HITPOINT WARNING * * *
You feel sick.
A giant frog zombie comes into view.
* * * LOW HITPOINT WARNING * * *
You feel sick.
* * * LOW HITPOINT WARNING * * *
You feel sick.
* * * LOW HITPOINT WARNING * * *
You feel sick.
* * * LOW HITPOINT WARNING * * *
You feel sick.
A crimson imp comes into view.
* * * LOW HITPOINT WARNING * * *
You feel sick.
* * * LOW HITPOINT WARNING * * *
You feel sick.
The crimson imp shouts!
* * * LOW HITPOINT WARNING * * *
You feel sick.
* * * LOW HITPOINT WARNING * * *
You feel sick.
You die...

Action                   |  1- 3 |  4- 6 || total
-------------------------+-------+-------++-------
Melee: Mace              |   102 |   188 ||   290
 Cast: Shroud of Golubri |     5 |     7 ||    12
       Teleport Other    |       |     2 ||     2
  Use: Scroll            |     2 |     6 ||     8
       Potion            |       |     2 ||     2
  Eat: Bread ration      |     1 |     1 ||     2
Armor: Leather armour    |    21 |    61 ||    82
Dodge: Dodged            |    76 |   116 ||   192

Vault maps used:
D:1:      minmay_arrival_semitransparent
D:2:      gammafunk_temple_overflow_wave
D:3:      first_bread, ecumenical_altar_2, uniq_grinder, uniq_robin
D:4:      temple_green
D:5:      gammafunk_temple_overflow_statue, grunt_ministairs_11,
          minmay_misc_feat_rows
D:6:      basic_altar
Temple:   chambers_temple_14

Notes
Turn   | Place    | Note
--------------------------------------------------------------
     0 | D:1      | cedor the Demonspawn Warper began the quest for the Orb.
     0 | D:1      | Reached XP level 1. HP: 16/16 MP: 3/3
    17 | D:1      | Reached skill level 2 in Maces & Flails
   201 | D:2      | Gained mutation: When hurt, damage is shared between your health and your magic reserves. [demonic ancestry]
   201 | D:2      | Reached XP level 2. HP: 22/22 MP: 5/5
   245 | D:2      | Learned a level 2 spell: Shroud of Golubria
   287 | D:2      | Reached skill level 1 in Throwing
   693 | D:3      | Learned a level 2 spell: Blink
   966 | D:4      | Found a staircase to the Ecumenical Temple.
   979 | Temple   | Entered the Ecumenical Temple
  1137 | D:4      | Reached skill level 3 in Translocations
  1137 | D:4      | Reached XP level 3. HP: 24/27 MP: 4/6
  1375 | D:4      | Reached skill level 2 in Dodging
  1574 | D:4      | Noticed an ogre
  1587 | D:5      | Entered Level 5 of the Dungeon
  1595 | D:5      | Noticed a giant frog
  1615 | D:5      | Killed a giant frog
  1615 | D:5      | Reached skill level 3 in Maces & Flails
  1615 | D:5      | Gained mutation: You are partially covered in rugged brown scales (AC +1, +3% HP). [demonic ancestry]
  1615 | D:5      | Reached XP level 4. HP: 18/33 MP: 2/7
  1785 | D:5      | Reached XP level 5. HP: 36/39 MP: 8/8
  1845 | D:5      | Noticed Duraxyll's ghost (novice MfBe)
  1976 | D:6      | Reached skill level 4 in Translocations
  1981 | D:6      | Learned a level 3 spell: Teleport Other
  2246 | D:6      | Found a glowing silver altar of Zin.
  2268 | D:6      | Noticed a centaur
  2669 | D:5      | Reached skill level 4 in Maces & Flails
  2669 | D:5      | Gained mutation: You have a pair of small antennae on your head. [demonic ancestry]
  2669 | D:5      | Reached XP level 6. HP: 16/45 MP: 2/9
  2985 | D:5      | HP: 4/45 [poisoned by a scorpion]
  2990 | D:5      | HP: 1/45 [poisoned by a scorpion]
  2992 | D:5      | Succumbed to a scorpion's poison

Vanquished Creatures
  A giant frog (D:5)
  A crimson imp (D:6)
  A giant frog zombie (D:5)
  An orc wizard (D:5)
  An iguana (D:6)
  A worker ant (D:5)
  3 hound skeletons
  An adder (D:5)
  2 adder skeletons
  3 worms
  2 dart slugs
  2 giant geckos
  7 orcs
  3 giant cockroaches
  A goblin (D:2)
  2 hobgoblins
  2 quokkas
  A bat (D:2)
  A giant newt (D:2)
  A kobold (D:1)
  A rat (D:2)
38 creatures vanquished.
